 Dungeon Crawl Stone Soup version bcrawl-1.34.4 (webtiles) character file.

Game seed: 4143074955742163891

180613 KristoblXynda the Cutter (level 7, -3/50 HPs)
             Began as a Kobold Gladiator on Oct 29, 2021.
             Was an Initiate of Okawaru.
             Slain by a worker ant (4 damage)
             ... on level 4 of the Dungeon.
             The game lasted 00:04:56 (3841 turns).

KristoblXynda the Cutter (Kobold Gladiator)         Turns: 3841, Time: 00:04:56

Health: -3/50      AC:  4    Str: 13    XL:     7   Next: 32%
Magic:  7/7        EV: 17    Int: 10    God:    Okawaru [......]
Gold:   106        SH:  0    Dex: 16    Spells: 6/6 levels left

rFire    . . .     SeeInvis .   a - +0 rapier
rCold    + . .     Gourm    .   (shield restricted)
rNeg     . . .     Faith    .   b - +0 leather armour
rPois    .         Spirit   .   c - +0 helmet
rElec    .         Reflect  .   (no cloak)
rCorr    .         Harm     .   (no gloves)
MR       .....                  (no boots)
Stlth    +++.......             m - amulet of magic regeneration (curse)
HPRegen  0.16/turn              h - ring of protection from cold
MPRegen  0.35/turn              (no ring)

@: lethally poisoned (-3 -> -6)
A: small, talons 1, carnivore, mutation resistance 1, sense surroundings 2
a: Renounce Religion


You were on level 4 of the Dungeon.
You worshipped Okawaru.
Okawaru was noncommittal.
You were very full.

You visited 2 branches of the dungeon, and saw 5 of its levels.

You collected 106 gold pieces.

Inventory:

Hand Weapons
 a - a +0 rapier (weapon)
Missiles
 d - a throwing net (quivered) {=f}
Armour
 b - a +0 leather armour (worn)
 c - a +0 helmet (worn)
Jewellery
 h - a ring of protection from cold (left hand)
 m - a cursed amulet of magic regeneration (around neck)
Scrolls
 g - a scroll of enchant weapon {unknown}
 i - a scroll of identify
 k - a scroll of fog {unknown}
 o - a scroll of remove curse {unknown}
 r - 2 scrolls of teleportation {unknown}
 s - a scroll of amnesia {unknown}
Potions
 f - a potion of magic {unknown}
 j - a potion of brilliance {unknown}
 l - 2 potions of curing
 n - a potion of berserk rage {unknown}
 p - a potion of might {unknown}
Comestibles
 e - 8 rations {!d}
 q - a chunk of flesh


   Skills:
 + Level 5.1 Fighting
 + Level 6.2 Short Blades
 - Level 3.0 Throwing
 + Level 5.5 Dodging
 + Level 4.7 Stealth


You had 6 spell levels left.
You didn't know any spells.
Your spell library was empty.

Dungeon Overview and Level Annotations

Branches:
Dungeon (4/12)             Temple (1/1) D:4

Altars:
Dithmenos
Elyvilon
Fedhas
Gozag
Kikubaaqudgha
Lugonu
Okawaru
Qazlal
Ru
Wu Jian
Xom
Zin
The Shining One


Innate Abilities, Weirdness & Mutations

You are small and have problems with some larger weapons.
You have sharp toenails.
You are carnivorous and can eat meat at any time.
You are somewhat resistant to further mutation.
You passively map the area around you.


Message History

You barely miss the two-headed ogre.
The two-headed ogre is moderately wounded.
You hear a shout!
An orc comes into view. It is wielding a +0 hand axe.
You hear a shout!
You hit the two-headed ogre. You claw the two-headed ogre.
The two-headed ogre is heavily wounded.
The two-headed ogre completely misses you. x2
The two-headed ogre closely misses you. The two-headed ogre barely misses you.
You see here a worm corpse.
A worker ant comes into view.
A centaur skeleton comes into view.
You hit the worker ant but do no damage.
The worker ant misses you. The worker ant bites you.
* * * LOW HITPOINT WARNING * * *
You are lethally poisoned!
The worker ant poisons you!
* * * LOW HITPOINT WARNING * * *
You feel sick. The worker ant bites you.
You die...

, * *, , * ##* #.. ,
, , ,* #.###.. , , ,
....... , ,...... ,
, , * ,...[ , , #
############# * #..
** ,
#..#.$#......).. *
###.. * , ,
....Z...@.......,
,#.... ##*
....#..a.......,
#.... .# , #+#*
##.###+##########.##
.########.#####O# *,
###....#####
.##>......#...o.#
,#......≈≈≈..
.##.......#.....#
,,,#.....≈≈§≈≈.
..+.......#.....# ,
#..).≈§§≈§≈≈
..#.......#.....#
,,,#....≈§≈>≈§≈
###...##..##..###*
**####.§§≈§≈≈≈


You could see a two-headed ogre, a worker ant, an orc and a centaur skeleton
(dormant).

Vanquished Creatures
  Blork the orc (D:4)
  2 orc priests
  A crimson imp (D:3)
  A bullfrog skeleton (D:4)
  A centaur skeleton (D:4)
  An orc wizard (D:3)
  An iguana (D:4)
  A worker ant (D:4)
  A gnoll (D:2)
  6 adders
  An ooze (D:3)
  4 worms
  3 dart slugs
  2 leopard geckos (D:1)
  18 orcs
  A giant cockroach (D:2)
  A goblin (D:2)
  4 hobgoblins
  3 jackals (D:1)
  5 kobolds
  5 quokkas
  4 bats
  4 frilled lizards
  6 rats
77 creatures vanquished.

Notes
Turn   | Place    | Note
-------+----------+-------------------------------------------
     0 | D:1      | KristoblXynda the Kobold Gladiator began the quest for the
                  | Orb.
     0 | D:1      | Reached XP level 1. HP: 16/16 MP: 1/1
    98 | D:1      | Reached XP level 2. HP: 21/21 MP: 2/2
   444 | D:1      | Reached XP level 3. HP: 16/26 MP: 3/3
   553 | D:1      | Reached skill level 1 in Stealth
  1290 | D:2      | Found a glowing silver altar of Zin.
  1290 | D:2      | Found a shadowy altar of Dithmenos.
  1415 | D:2      | Reached XP level 4. HP: 11/33 MP: 4/4
  1572 | D:2      | Found a shimmering altar of Xom.
  1573 | D:2      | Found a corrupted altar of Lugonu.
  1896 | D:3      | Reached skill level 5 in Short Blades
  1896 | D:3      | Reached XP level 5. HP: 26/37 MP: 5/5
  2572 | D:3      | Reached XP level 6. HP: 29/44 MP: 6/6
  2576 | D:3      | Reached skill level 5 in Dodging
  3148 | D:4      | Found a staircase to the Ecumenical Temple.
  3359 | Temple   | Entered the Ecumenical Temple
  3568 | Temple   | Became a worshipper of Warmaster Okawaru
  3593 | D:4      | Reached XP level 7. HP: 38/49 MP: 7/7
  3637 | D:4      | Noticed Blork the orc
  3651 | D:4      | Killed Blork the orc
  3652 | D:4      | Reached skill level 5 in Fighting
  3652 | D:4      | Reached skill level 6 in Short Blades
  3794 | D:4      | Noticed a two-headed ogre
  3814 | D:4      | HP: 2/50 [two-headed ogre/+0 giant club (19)]
  3840 | D:4      | HP: 2/50 [worker ant (4)]
  3841 | D:4      | Slain by a worker ant

Skill      XL: |  1  2  3  4  5  6  7 |
---------------+----------------------+-----
Throwing       | 3 |  3.0
Dodging        | 4 5 |  5.5
Stealth        | 1 2 3 4 |  4.7
Fighting       | 4 5 |  5.1
Short Blades   | 5 6 |  6.2

Action                   |  1- 3 |  4- 6 |  7- 9 || total
-------------------------+-------+-------+-------++-------
Melee: Rapier            |    76 |   147 |    34 ||   257
       Kick              |    15 |    41 |    15 ||    71
Throw: Throwing net      |       |       |     2 ||     2
  Use: Potion            |       |     2 |       ||     2
 Stab: Sleeping          |     1 |     2 |     1 ||     4
       Distracted        |       |     1 |       ||     1
       Held in net/web   |       |       |     1 ||     1
  Eat: Chunk             |    11 |     9 |     3 ||    23
Armor: Leather armour    |    10 |    17 |     1 ||    28
Dodge: Dodged            |    55 |    81 |    17 ||   153
